AoeStats
← 白鸟ii

African Clearing

510522505Analyzed
4v4 RM · 1d ago on Oct 1, 2026· 45m 47s· 8 players
Game mode
Random Map
Map size
Large (8 player)
Population
200
Speed
Normal
Resources
Standard
Victory
Conquest
Starting age
Dark Age
Ending age
Imperial Age
RankedLock teamsTeams togetherTeam positionsShared explorationLock speedFull tech treeHidden civsTurbo modeCheats
Victory
Defeat
🇹🇭 Franks · Thailand
1247
+14
🇹🇼 Magyars · Taiwan
1213
+16
🇨🇳 Huns · China
1200
+16
🇭🇰 Khmer · Hong Kong SAR China
1197
+16
🇨🇿 Malians · Czechia
1280
-18
🇩🇪 Persians · Germany
1230
-16
🇦🇺 Danes · Australia
1183
-15
🇩🇪 Spanish · Germany
1144
-13
WiSeMaN
5:50 Loom
11:58 Feudal Age
12:47 Double-Bit Axe
14:06 Scale Barding Armor
14:12 Forging
23:04 Castle Age
21:05 Gold Mining
23:55 Husbandry
24:16 Chain Barding Armor
27:14 Iron Casting
34:14 Wheelbarrow
34:04 Stone Mining
35:03 Town Watch
37:20 Hand Cart
39:43 Gold Shaft Mining
39:44 Scale Mail Armor
41:18 Squires
40:47 Pikeman
42:26 Bow Saw
48:15 Imperial Age
虫
5:25 Loom
11:40 Feudal Age
19:18 Castle Age
17:49 Double-Bit Axe
21:01 Bow Saw
20:35 Horse Collar
22:19 Heavy Plow
25:51 Town Watch
27:11 Stone Mining
27:27 Gold Mining
29:54 Wheelbarrow
31:15 Gold Shaft Mining
33:33 Imperial Age
32:06 Hand Cart
33:05 Town Patrol
33:38 Husbandry
33:48 Bloodlines
34:39 Stone Shaft Mining
34:12 Scale Barding Armor
34:21 Forging
35:33 Chain Barding Armor
35:49 Iron Casting
39:00 Crop Rotation
38:10 Elite Battle Elephant
42:19 Capped Ram
46:06 Plate Barding Armor
46:32 Blast Furnace
椰子
12:21 Loom
14:47 Feudal Age
15:53 Double-Bit Axe
18:39 Castle Age
19:05 Fletching
19:43 Bow Saw
20:34 Husbandry
21:35 Pikeman
22:43 Bodkin Arrow
30:18 Scale Mail Armor
45:23 Horse Collar
白鸟ii
12:25 Feudal Age
11:15 Loom
19:05 Castle Age
24:17 Double-Bit Axe
26:54 Gold Mining
28:48 Stone Mining
29:35 Wheelbarrow
30:09 Bow Saw
29:46 Horse Collar
30:52 Heavy Plow
35:42 Imperial Age
33:42 Bloodlines
34:31 Gold Shaft Mining
34:04 Marauders
35:51 Scale Barding Armor
35:56 Forging
37:09 Conscription
36:10 Elite Tarkan
37:34 Hand Cart
38:57 Husbandry
39:22 Chain Barding Armor
39:38 Iron Casting
40:31 Two-Man Saw
Diablo
11:01 Loom
13:23 Feudal Age
13:50 Double-Bit Axe
16:54 Scale Barding Armor
25:56 Castle Age
24:11 Gold Mining
25:32 Bloodlines
25:50 Forging
31:09 Bow Saw
34:02 Iron Casting
35:33 Husbandry
37:28 Chain Barding Armor
Demshredz
3:57 Loom
15:04 Feudal Age
19:14 Castle Age
17:17 Double-Bit Axe
17:17 Horse Collar
18:59 Bloodlines
19:17 Scale Barding Armor
20:18 Forging
21:09 Heavy Plow
22:16 Chain Barding Armor
30:30 Iron Casting
31:43 Gold Mining
34:01 Wheelbarrow
35:18 Hand Cart
38:43 Stone Mining
39:30 Gold Shaft Mining
42:53 Imperial Age
41:44 Husbandry
41:08 Pikeman
41:48 Squires
41:34 Arson
41:51 Scale Mail Armor
42:17 Town Watch
42:39 Halberdier
43:43 Cavalier
Schikaria089
13:40 Feudal Age
14:46 Double-Bit Axe
15:19 Loom
18:06 Wheelbarrow
23:41 Castle Age
24:11 Scale Mail Armor
24:21 Forging
24:08 Pikeman
26:05 Squires
25:51 Arson
ufokinw0tm8
5:48 Loom
13:56 Feudal Age
13:58 Man-at-Arms
14:49 Arson
21:16 Castle Age
19:42 Double-Bit Axe
21:29 Town Watch
23:02 Wheelbarrow
23:00 Bow Saw
22:58 Squires
29:03 Forging
29:44 Horse Collar
32:52 Scale Mail Armor
35:39 Heavy Plow
37:43 Iron Casting
38:10 Hamask
38:58 Gold Mining
42:18 Imperial Age
40:05 Hand Cart
40:08 Town Patrol
42:15 Gold Shaft Mining
42:05 Chain Mail Armor
42:19 Elite Varangian Guard
44:01 Plate Mail Armor
44:31 Blast Furnace
44:28 Conscription
Connection lost

Rejoining the realm…

Still unreachable

The connection could not be restored.

Session expired

The server has moved on; the page needs a fresh start.